 Dungeon Crawl Stone Soup version 0.28-a0-691-gad6df49e81 (webtiles) character file.

Game seed: 8641586047329555934

528 KoroneIsBestGirl the Skirmisher (level 7, -4/57 HPs)
             Began as a Barachi Fighter on Oct 21, 2021.
             Was a Believer of Yredelemnul.
             Slain by an iguana (10 damage)
             ... on level 4 of the Dungeon.
             The game lasted 00:04:23 (3227 turns).

KoroneIsBestGirl the Skirmisher (Barachi Fighter)   Turns: 3227, Time: 00:04:24

Health: -4/57      AC:  7    Str: 18    XL:     7   Next: 23%
Magic:  7/7        EV:  9    Int:  8    God:    Yredelemnul [**....]
Gold:   116        SH:  5    Dex: 13    Spells: 5/6 levels left

rFire   . . .      SeeInvis .   a - +0 long sword
rCold   . . .      Faith    .   c - +0 buckler
rNeg    . . .      Spirit   .   b - +0 scale mail
rPois   .          Reflect  .   (no helmet)
rElec   .          Harm     .   f - scarf {repulsion}
rCorr   .          Rampage  .   (no gloves)
Will    .....                   (no boots)
Stlth   ..........              (no amulet)
HPRegen 0.19/turn               k - +4 ring of slaying
MPRegen 0.10/turn               (no ring)

@: repel missiles, slow
A: amphibious, slowness 1, strong legs 1, +LOS
a: Hop, Renounce Religion, Animate Remains, Recall Undead Slaves, Injury Mirror


You were on level 4 of the Dungeon.
You worshipped Yredelemnul.
Yredelemnul was pleased with you.
You visited 1 branch of the dungeon, and saw 4 of its levels.

You collected 116 gold pieces.

Inventory:

Hand Weapons
 a - a +0 long sword (weapon)
Armour
 b - a +0 scale mail (worn)
 c - a +0 buckler (worn)
 f - a scarf of repulsion (worn)
Jewellery
 k - a +4 ring of slaying (left hand)
 m - a ring of resist corrosion
Wands
 i - a wand of digging (6)
Scrolls
 e - 2 scrolls of holy word {unknown}
 g - 2 scrolls of teleportation {unknown}
 h - 2 scrolls of amnesia {unknown}
 l - a scroll of identify {unknown}
Potions
 j - a potion of magic {unknown}


   Skills:
 + Level 5.8 Fighting
 + Level 5.0 Long Blades
 + Level 5.6 Armour
 - Level 1.2 Stealth
 + Level 4.9 Shields


You had 5 spell levels left.
You knew the following spells:

 Your Spells              Type           Power      Damage    Failure   Level
a - Magic Dart            Conj           0%         1d3       77%         1

Your spell library contained the following spells:

 Spells                   Type           Power      Damage    Failure   Level
 Shock                    Conj/Air       0%         1d3       77%         1
 Call Imp                 Summ           0%         N/A       88%         2
 Mephitic Cloud           Conj/Pois/Air  0%         N/A       98%         3


Dungeon Overview and Level Annotations

Branches:
Dungeon (4/15)
 Temple: D:4-7

Altars:
Nemelex Xobeh
Yredelemnul


Innate Abilities, Weirdness & Mutations

You are amphibious.
You cover ground slowly.
You can hop short distances.
You have an extended range of vision and can be seen from far away.


Message History

The ogre is severely wounded.
The ogre hits you with a +0 giant club.
A goblin comes into view. It is wielding a +0 dagger.
You hit the ogre.
The ogre is severely wounded.
The ogre hits you with a +0 giant club!!
* * * LOW HITPOINT WARNING * * *
You are too injured to fight recklessly!
You are too injured to fight recklessly!
You swap places.
Your adder zombie barely misses the ogre.
The ogre hits your adder zombie with a +0 giant club!!
Your adder zombie is destroyed!
You swap places.
The ogre barely misses Edmund.
Edmund barely misses the ogre.
The ogre hits Edmund with a +0 giant club!!
Edmund is destroyed!
Okay, then.
You slash the ogre!
You kill the ogre!
Yredelemnul accepts your kill.
Your Long Blades skill increases to level 5!
Unknown command.
You hit the iguana.
The iguana is lightly wounded.
The iguana bites you.
* * * LOW HITPOINT WARNING * * *
You closely miss the iguana.
The iguana is lightly wounded.
You block the iguana's attack.
You hit the iguana but do no damage.
The iguana is lightly wounded.
The iguana barely misses you.
You completely miss the iguana.
The iguana is lightly wounded.
The iguana bites you.
* * * LOW HITPOINT WARNING * * *
The iguana bites you!
You die...
Your body rises from the dead as a mindless zombie.

## . . .# .# ###.##
.. #....# #. #g# #.#
#l# #.# #@#### #.#
#....# #.####.#.##
######## #........#
[......# #..###.#.#
..[.##.# #..# #.#.#
###.##.## #..# #.#.#
###)#...###..###.#.#
....................


You could see an iguana and a goblin.

Vanquished Creatures
  Sigmund (D:2)
  Edmund (D:4)
  An ogre (D:4)
  A scorpion (D:4)
  A gnoll (D:1)
  5 adders
  A worm (D:3)
  A dart slug (D:1)
  An orc (D:4)
  6 ball pythons
  3 bats
  4 endoplasms
  2 giant cockroaches (D:1)
  5 goblins
  5 hobgoblins
  2 jackals (D:2)
  2 quokkas
  A frilled lizard (D:1)
  A kobold (D:2)
  7 rats
51 creatures vanquished.

Vanquished Creatures (collateral kills)
  An adder (D:2)
  A giant cockroach (D:2)
  A jackal (D:2)
  A frilled lizard (D:2)
  A kobold (D:2)
5 creatures vanquished.

Vanquished Creatures (others)
  An adder zombie (D:4)
  A human zombie (D:4)
  A jackal zombie (D:2)
  A rat zombie (D:2)
  A plant (D:1)
5 creatures vanquished.

Grand Total: 61 creatures vanquished

Notes
Turn   | Place    | Note
-------+----------+-------------------------------------------
     0 | D:1      | KoroneIsBestGirl the Barachi Fighter began the quest for
                  | the Orb.
     0 | D:1      | Reached XP level 1. HP: 18/18 MP: 1/1
   296 | D:1      | Reached XP level 2. HP: 25/25 MP: 2/2
   432 | D:1      | Reached skill level 1 in Stealth
   432 | D:1      | Reached XP level 3. HP: 23/30 MP: 3/3
   525 | D:1      | Found a faded altar of an unknown god.
   529 | D:1      | Got Plato's Papyrus of Feathers
   530 | D:1      | Prayed at the altar of an unknown god.
   530 | D:1      | Became a worshipper of Yredelemnul the Dark
   530 | D:1      | Reached * piety under Yredelemnul
   798 | D:2      | Noticed Sigmund
   798 | D:2      | Found a sparkling altar of Nemelex Xobeh.
  1362 | D:2      | Learned a level 1 spell: Magic Dart
  1404 | D:2      | Reached XP level 4. HP: 37/38 MP: 4/4
  1971 | D:2      | Killed Sigmund
  1972 | D:2      | Reached skill level 5 in Fighting
  1972 | D:2      | Reached XP level 5. HP: 44/44 MP: 5/5
  2055 | D:2      | Reached XP level 6. HP: 44/51 MP: 6/6
  2419 | D:3      | Reached ** piety under Yredelemnul
  2432 | D:3      | Reached skill level 5 in Armour
  2937 | D:4      | Noticed Edmund
  2956 | D:4      | Killed Edmund
  2957 | D:4      | Reached XP level 7. HP: 11/57 MP: 7/7
  3220 | D:4      | Your ally Edmund died
  3224 | D:4      | Reached skill level 5 in Long Blades
  3227 | D:4      | Slain by an iguana

Illustrated notes

Levels and vault maps discovered:
D:1:      giann_horns, layout_loops_ring, shapermc_ecumenical_altar_rom_forum,
          minmay_domino_2
D:2:      layout_rooms, basic_altar, uniq_sigmund
D:3:      layout_loops_ring
D:4:      layout_loops_ring, nicolae_ru_sacrificial_ziggurat,
          serial_bayou_lagoon_a, uniq_edmund

Skill      XL: |  1  2  3  4  5  6  7 |
---------------+----------------------+-----
Fighting       | 4 5 |  5.8
Stealth        | 1 |  1.2
Armour         | 4 5 |  5.6
Long Blades    | 3 4 5 |  5.0
Shields        | 4 |  4.9

Action                   |  1- 3 |  4- 6 |  7- 9 || total
-------------------------+-------+-------+-------++-------
Melee: Long sword        |   106 |    68 |     8 ||   182
Invok: Animate Remains   |     3 |     3 |     2 ||     8
 Abil: Hop               |       |     1 |       ||     1
  Use: Potion            |       |     1 |       ||     1
Armor: Scale mail        |    60 |    27 |       ||    87
Dodge: Dodged            |    65 |    28 |     1 ||    94
       Repelled          |     2 |       |       ||     2
Block: Buckler           |    25 |    18 |     2 ||    45

Table legend: (Time is in decaauts)
 A = Elapsed time spent in this place.
 B = Non-inter-level travel time spent in this place.
 C = Inter-level travel time spent in this place.
 D = Time resting spent in this place.
 E = Time spent auto-exploring this place.
 F = Levels seen in this place.
 G = Mean time per level.
                   A        B        C        D        E       F      G
               +--------+--------+--------+--------+--------+-----+--------+
         Total |   3579 |   3410 |    169 |    469 |   2393 |   4 |  894.8 |
       Dungeon |   3579 |   3410 |    169 |    469 |   2393 |   4 |  894.8 |
               +--------+--------+--------+--------+--------+-----+--------+

Top non-repeatable levels by time:
     D:1: 1455 daAuts
     D:2: 954 daAuts
     D:3: 749 daAuts
     D:4: 420 daAuts
